 Dungeon Crawl Stone Soup version 0.28-b1-1-g3c77fb2ed1 (webtiles) character file.

Game seed: 5795895291922028914

172 RascalDebosk the Skirmisher (level 5, -2/46 HPs)
             Began as a Minotaur Fighter on Jan 30, 2022.
             Succumbed to Sigmund's poison
             ... on level 3 of the Dungeon.
             The game lasted 00:23:33 (3047 turns).

RascalDebosk the Skirmisher (Minotaur Fighter)      Turns: 3047, Time: 00:23:34

Health: -2/46      AC:  7    Str: 23    XL:     5   Next: 27%
Magic:  4/4        EV:  9    Int:  5    God:
Gold:   104        SH:  0    Dex:  9    Spells: 4/4 levels left

rFire   + . .      SeeInvis .   a - +0 war axe
rCold   + . .      Faith    .   c - +0 buckler
rNeg    . . .      Spirit   .   b - +0 scale mail
rPois   .          Reflect  .   (helmet restricted)
rElec   .          Harm     .   (no cloak)
rCorr   .          Rampage  .   (no gloves)
Will    .....                   (no boots)
Stlth   ..........              (no amulet)
HPRegen 0.15/turn               j - ring of protection from fire
MPRegen 0.09/turn               m - ring of protection from cold

@: confused, mighty, lethally poisoned (-2 -> -22)
A: horns 2, retaliatory headbutt
a: no special abilities


You were on level 3 of the Dungeon.
You visited 1 branch of the dungeon, and saw 3 of its levels.

You collected 104 gold pieces.

Inventory:

Hand Weapons
 a - a +0 war axe (weapon)
 o - a +2 dagger of speed
Missiles
 h - 67 stones (quivered)
 i - 4 poisoned darts
Armour
 b - a +0 scale mail (worn)
 c - a +0 buckler (worn)
Jewellery
 j - a ring of protection from fire (left hand)
 m - a ring of protection from cold (right hand)
 q - a ring of ice
Wands
 l - a wand of charming (4)
Scrolls
 f - a scroll of noise {unknown}
 g - a scroll of blinking {unknown}
 k - a scroll of summoning {unknown}
 n - 2 scrolls of holy word {unknown}
Potions
 d - a potion of might
 e - a potion of lignification {unknown}
 p - 2 potions of curing {unknown}
 r - a potion of brilliance {unknown}


   Skills:
 + Level 4.1 Fighting
 * Level 3.9 Axes
 * Level 2.2 Throwing
 + Level 4.1 Armour
 + Level 1.5 Dodging
 + Level 4.1 Shields
 + Level 1.1 Evocations


You had 4 spell levels left.
You didn't know any spells.
Your spell library was empty.

Dungeon Overview and Level Annotations

Branches:
Dungeon (3/15)

Altars:

Annotations:
D:3 Sigmund


Innate Abilities, Weirdness & Mutations

You have a pair of horns on your head.
You reflexively headbutt those who attack you in melee.


Message History

You slash the orc priest!
You kill the orc priest!
The orc throws a boomerang.
The boomerang closely misses you. Something hits you but does no damage.
Items here: ! ) [ †.
Something hits you but does no damage.
Found 2 boomerangs.
Sigmund shouts!
You slash the orc!
You kill the orc!
You closely miss something. Something hits you but does no damage.
Something hits you but does no damage.
Items here: ! ) [ †.
You hear some strange, mumbled words.
You are confused.
You bump into the rock wall.
Sigmund mumbles some strange words.
Sigmund flickers and vanishes!
You're too confused to move!
Something hits you but does no damage.
You barely miss something.
Something hits you but does no damage. x2
You bump into the rock wall.
Something hits you.
You bump into the rock wall.
You hear some strange, mumbled words.
You are more confused.
You hear some strange, mumbled words.
Something tries to affect you, but you resist.
You hear some strange, mumbled words.
You are more confused.
You bump into the rock wall.
You bump into the rock wall.
Something hits you.
You are poisoned.
You bump into the rock wall.
You feel sick. Something hits you!
* * * LOW HITPOINT WARNING * * *
You are lethally poisoned!
* * * LOW HITPOINT WARNING * * *
You feel very sick.
A magic dart appears from out of thin air!
The magic dart hits something.
You're too confused to move!
You die...

......... .. ..........#### ...
.............##
..####.(..........# ....
...#.............. .....
#.>.............. .....
#...........†.... .....###
#####...........).... .......##
##...@..........).....
........####..###................
........).....# #..............##
........)####.###.......#####..#
.....)...# ..##........# #.##
.........# ............# ##.#
..<......##..#.#....†...# #..###
.(...............##.########.#r..
.......##....##..##.######..<...#


There were no monsters in sight!

Vanquished Creatures
  An orc priest (D:3)
  Natasha (D:2)
  6 adders
  A worm (D:2)
  A dart slug (D:3)
  4 orcs
  5 ball pythons
  4 endoplasms
  A giant cockroach (D:2)
  2 goblins
  8 hobgoblins
  A jackal (D:2)
  5 kobolds
  A quokka (D:1)
  6 bats
  A frilled lizard (D:1)
  9 rats
57 creatures vanquished.

Notes
Turn   | Place    | Note
-------+----------+-------------------------------------------
     0 | D:1      | RascalDebosk the Minotaur Fighter began the quest for the
                  | Orb.
     0 | D:1      | Reached XP level 1. HP: 19/19 MP: 0/0
   520 | D:1      | Found a faded altar of an unknown god.
   526 | D:1      | Reached XP level 2. HP: 27/27 MP: 1/1
  1043 | D:2      | Reached skill level 1 in Throwing
  1043 | D:2      | Reached XP level 3. HP: 20/33 MP: 2/2
  1359 | D:2      | Reached skill level 1 in Dodging
  2252 | D:2      | Reached XP level 4. HP: 36/40 MP: 3/3
  2723 | D:3      | Noticed Natasha
  2736 | D:2      | Killed Natasha
  2737 | D:2      | Reached skill level 1 in Evocations
  3020 | D:3      | Noticed Sigmund
  3023 | D:3      | Reached XP level 5. HP: 21/46 MP: 4/4
  3046 | D:3      | HP: 2/46 [poisoned by Sigmund]
  3047 | D:3      | Succumbed to Sigmund's poison

Illustrated notes

Levels and vault maps discovered:
D:1:      matt_arrival_grand_opening, layout_basic,
          shapermc_ecumenical_altar_totnotflames, corner_web_ring
D:2:      minmay_recursive_quarters, layout_rooms
D:3:      layout_rooms, uniq_sigmund, uniq_natasha

Skill      XL: |  1  2  3  4 |
---------------+-------------+-----
Axes           | 3 |  3.9
Throwing       | 1 2 |  2.2
Dodging        | 1 |  1.5
Fighting       | 4 |  4.1
Armour         | 4 |  4.1
Evocations     | 1 |  1.1
Shields        | 4 |  4.1

Action                   |  1- 3 |  4- 6 || total
-------------------------+-------+-------++-------
Melee: War axe           |    82 |    36 ||   118
       Headbutt          |    13 |     3 ||    16
Throw: Stone             |     8 |    10 ||    18
  Use: Potion            |       |     1 ||     1
Armor: Scale mail        |    37 |    23 ||    60
Dodge: Dodged            |    53 |    24 ||    77
Block: Buckler           |    13 |     9 ||    22
